 Dungeon Crawl Stone Soup version 0.30.1 (webtiles) character file.

Game seed: 15105144306114512320

65144 monsoonserge the Brawler (level 15, -27/110 HPs)
             Began as an Octopode Transmuter on July 1, 2023.
             Was an Initiate of Gozag.
             Killed from afar by an ogre mage (38 damage)
             ... with a bolt of magma
             ... on level 2 of the Orcish Mines on July 2, 2023.
             The game lasted 02:25:54 (23628 turns).

monsoonserge the Brawler (Octopode Transmuter)     Turns: 23628, Time: 02:25:57

Health: -27/110    AC: 15    Str: 13    XL:     15   Next: 15%
Magic:  3/36       EV: 15    Int: 26    God:    Gozag
Gold:   1792       SH:  5    Dex: 18    Spells: 3/30 levels left

rFire   x .          .
                       - Unarmed
rCold   + + +        G - melded +2 buckler {rN+}
rNeg    + + .        M - melded +2 hat
rPois   +            u - amulet of reflection
rElec   .            b - +6 ring of dexterity
rCorr   .            h - +6 ring of intelligence
SInv    .            k - +4 ring of protection
Will    +....        r - ring of positive energy
Stlth   +++          L - ring of magical power
HPRegen 0.38/turn    Q - +4 ring of slaying
MPRegen 0.25/turn    Y - ring of positive energy
                     (no ring)

%: reflection
@: ice-form, gold aura, freezing walls, studying Unarmed Combat
A: freezing attack, boosted hp, almost no armour, amphibious, 8 rings, large,
(camouflage 1), (gelatinous body 1), (nimble swimmer 1), (tentacles)
a: End Transformation, Renounce Religion, Potion Petition, Call Merchant, Bribe
Branch


You were on level 2 of the Orcish Mines.
You worshipped Gozag.
Gozag was most pleased with you.
You were a creature of crystalline ice.
You visited 5 branches of the dungeon, and saw 20 of its levels.
You also visited: Volcano.

You collected 4932 gold pieces.
You spent 2550 gold pieces at shops.
You paid 590 gold pieces to Gozag.

Inventory:

Hand Weapons
 n - a +2 hand crossbow of flaming
Missiles
 d - 2 boomerangs of dispersal
 l - 6 silver javelins
 m - 27 poisoned darts (quivered)
 D - 4 atropa-tipped darts
Armour
 G - a +2 buckler of positive energy (melded)
 M - a +2 hat (melded)
Magical Staves
 K - a staff of conjuration
Jewellery
 b - a +6 ring of dexterity (left front paw)
 h - a +6 ring of intelligence (right front paw)
 k - a +4 ring of protection (on tentacle)
 p - the ring "Lotestro" {rPois rF- rC+ Str+6 Int+4}
   (You acquired it on level 2 of the Lair of Beasts)

   [ring of strength]

   Str:       It affects your strength (+6).
   Int:       It affects your intelligence (+4).
   rF:        It makes you vulnerable to fire.
   rC:        It protects you from cold.
   rPois:     It protects you from poison.
 r - a ring of positive energy (on tentacle)
 u - an amulet of reflection (around neck)
 L - a ring of magical power (on tentacle)
 Q - a +4 ring of slaying (on tentacle)
 Y - a ring of positive energy (on tentacle)
Wands
 v - a wand of digging (7)
 C - a wand of light (10)
 F - a wand of flame (10)
 H - a wand of roots (2)
 V - a wand of polymorph (5)
Scrolls
 c - 7 scrolls of teleportation
 e - 3 scrolls of vulnerability
 f - 5 scrolls of amnesia
 j - 5 scrolls of blinking
 o - 2 scrolls of summoning {unknown}
 x - 4 scrolls of magic mapping
 y - 7 scrolls of fear
 A - 2 scrolls of fog {unknown}
 E - 7 scrolls of enchant armour
 I - 3 scrolls of immolation {unknown}
 N - 5 scrolls of enchant weapon
 O - 2 scrolls of poison
 S - 3 scrolls of silence {unknown}
Potions
 a - 2 potions of lignification
 g - a potion of haste
 i - 2 potions of might
 q - 2 potions of cancellation
 s - 6 potions of curing
 t - a potion of mutation
 w - 3 potions of berserk rage
 z - 2 potions of magic
 B - 5 potions of resistance
 J - 6 potions of attraction
 P - 3 potions of invisibility
 U - 3 potions of flight
 X - 3 potions of brilliance
Miscellaneous
 R - a phantom mirror
 W - a box of beasts (inert)


   Skills:
 + Level 5.0 Fighting
 + Level 9.1 Dodging
 + Level 5.9 Stealth
 * Level 8.8 Shields
 * Level 20.0 Unarmed Combat
 - Level 8.0 Spellcasting
 + Level 10.6 Transmutations
 - Level 5.0 Ice Magic
 + Level 7.5 Poison Magic
 * Level 5.4 Evocations


You had 3 spell levels left.
You knew the following spells:

 Your Spells              Type           Power      Damage    Failure   Level
a - Beastly Appendage     Tmut           100%       N/A       1%          1
b - Spider Form           Tmut/Pois      55%        N/A       1%          3
c - Frozen Ramparts       Ice            72%        1d11      2%          3
d - Ice Form              Ice/Tmut       50%        N/A       2%          4
e - Blade Hands           Tmut           30%        N/A       1%          5
f - Wereblood             Tmut           60%        N/A       1%          2
g - Alistair's Intoxicat  Tmut/Pois      36%        N/A       3%          5
h - Olgreb's Toxic Radia  Pois           49%        N/A       2%          4

Your spell library contained the following spells:

 Spells                   Type           Power      Damage    Failure   Level
 Freeze                   Ice            100%       1d10      1%          1
 Sting                    Tmut/Pois      100%       1d8       1%          1
 Poisonous Vapours        Pois/Air       60%        N/A       1%          2
 Ensorcelled Hibernation  Hex/Ice        46%        N/A       3%          2
 Apportation              Tloc           20%        N/A       5%          1
 Kiss of Death            Conj/Necr      40%        2d8       5%          1
 Hailstorm                Conj/Ice       23%        3d7       6%          3
 Mephitic Cloud           Conj/Pois/Air  23%        N/A       6%          3
 Lesser Beckoning         Tloc           20%        N/A       9%          2
 Static Discharge         Conj/Air       20%        2-3/arc   9%          2
 Sublimation of Blood     Necr           10%        N/A       9%          2
 Confusing Touch          Hex            10%        N/A       17%         3
 Dazzling Flash           Conj/Hex       20%        N/A       17%         3
 Gell's Gravitas          Tloc           10%        N/A       17%         3
 Portal Projectile        Hex/Tloc       20%        N/A       17%         3
 Teleport Other           Tloc           10%        N/A       17%         3
 Tukima's Dance           Hex            10%        N/A       17%         3
 Vhi's Electric Charge    Tloc/Air       20%        N/A       17%         3
 Volatile Blastmotes      Fire/Tloc      20%        2d11      17%         3
 Summon Ice Beast         Ice/Summ       23%        N/A       21%         4
 Airstrike                Air            5%         2d(1-17)  50%         4
 Anguish                  Hex/Necr       5%         N/A       50%         4
 Dispel Undead            Necr           10%        3d9       50%         4
 Iskenderun's Mystic Bla  Conj/Tloc      10%        2d4       50%         4
 Summon Lightning Spire   Summ/Air       10%        N/A       50%         4
 Freezing Cloud           Conj/Ice/Air   9%         6-21      61%         5
 Arcjolt                  Conj/Air       5%         1d15      83%         5
 Iron Shot                Conj/Erth      5%         9d2       100%        6
 Plasma Beam              Fire/Air       5%         2x1d17    100%        6
 Starburst                Conj/Fire      5%         6d4       100%        6
 Enfeeble                 Hex            5%         N/A       100%        7
 Summon Hydra             Summ           5%         N/A       100%        7
 Discord                  Hex            5%         N/A       100%        8
 Ignition                 Fire           5%         3d4       100%        8
 Animate Armour           Summ/Erth      Unusable   N/A       N/A         4

Dungeon Overview and Level Annotations

Branches:
Dungeon (10/15)            Temple (1/1) D:4            Lair (5/5) D:8
  Swamp (2/4) Lair:2       Spider (0/4) Lair:2        Slime (0/5) Lair:5
    Orc (1/2) D:10        Volcano (visited)

Altars:
Ashenzari
Cheibriados
Dithmenos
Elyvilon
Fedhas
Gozag
Hepliaklqana
Kikubaaqudgha
Makhleb
Nemelex Xobeh
Okawaru
Qazlal
Ru
Sif Muna
Trog
Uskayaw
Vehumet
Wu Jian
Xom
Yredelemnul
Zin
The Shining One
Jiyva

Shops:
D:6 :   D:8 [   D:10 *   Orc:2 (?

Annotations:
Swamp:1 3 runed translucent doors, ChrisAssaf's ghost, journeyman DsNe


Innate Abilities, Weirdness & Mutations

You are a creature of crystalline ice.
You have a powerful freezing melee attack.
Your maximum health is increased.
Your armour is entirely melded.
You are incapable of wielding weapons or throwing items.
You cannot wear most types of armour.
You are amphibious.
You can wear up to eight rings at the same time.
((Your skin changes colour to match your surroundings (Stealth+).))
((Your rubbery body absorbs attacks. (AC +1, EV +1)))
((You are camouflaged when in or above water. (Stealth+)))
((You have tentacles for arms and can constrict up to eight enemies at once.))


Message History

Press: ? - help, Shift-Dir - straight line, p - troll The wall freezes something but does no damage.
Something barely misses you.
Aiming: Throw Flame
Press: ? - help, Shift-Dir - straight line The puff of flame hits something!
Unknown command.
Aiming: Throw Flame
Press: ? - help, Shift-Dir - straight line, f - troll
Aim: a troll (74% to hit)
The puff of flame hits the troll!
The troll is moderately wounded.
The wall freezes something.
Something hits you!
* * * LOW HITPOINT WARNING * * *
The wall freezes the troll.
You pummel the troll!! You freeze the troll.
The troll is almost dead.
The wall freezes the troll but does no damage.
The troll bites you.
* * * LOW HITPOINT WARNING * * *
The troll claws you but does no damage. The troll completely misses you.
The wall freezes something!
Something hits you but does no damage.
You completely miss the troll.
The troll is almost dead.
Unknown command.
You pummel the troll!! You freeze the troll.
You kill the troll!
Aiming: Bolt of Light
Press: ? - help, Shift-Dir - straight line You hear a shout!
The wall freezes something.
You hear a shout!
Aiming: Throw Flame
Press: ? - help, Shift-Dir - straight line The wall freezes something.
You hear some strange, mumbled words.
A bolt of magma appears from out of thin air!
The bolt of magma hits you!!! The lava burns you terribly!
You die...
Your body crumbles into a pile of gold.

##.............
#..............
#..[.......#..
##.[......#...
####.).........
######.##$)...#.....
##.#.#$..[#.........#
#.{.($....$.........#
###..#Y##.#........o...
###{..O######...........#
##.......# #.#.#....#####
#........# #####.....##
##.##...## #......# #
##.).# ##### #.T$..##
#..O.###≈§≈###$.C.#####
##..[...OO...$.....##.#
#...........C.....#...


There were no monsters in sight!

Vanquished Creatures
  2 eleionomae (Swamp:1)
  A bunyip (Swamp:2)
  Azrael (Orc:2)
  3 catoblepae
  3 hydras
  2 boulder beetles (Lair:5)
  A ghost crab (Swamp:1)
  5 two-headed ogres (Orc:2)
  18 death yaks
  A hell knight (Volcano)
  A deep troll (Orc:2)
  2 skysharks
  A spriggan druid (Swamp:1)
  3 bog bodies
  A necromancer (D:9)
  2 ugly things
  4 orc knights
  A will-o-the-wisp (Swamp:1)
  An orc sorcerer (Orc:1)
  The ghost of rifles the Covered, a novice GrFi of Makhleb (D:5)
  A black mamba (Lair:5)
  Joseph (D:7)
  11 elephants
  2 molten gargoyles (Volcano)
  A smoke demon (Volcano)
  9 cane toads
  Maggie (D:8)
  4 rime drakes
  6 komodo dragons
  2 red devils (Volcano)
  6 trolls
  3 polar bears
  13 blink frogs
  4 tyrant leeches
  6 hornets
  Grinder (D:3)
  2 slime creatures (Lair:5)
  3 spriggans
  2 wyverns
  A wraith (D:9)
  39 yaks
  5 fire elementals (Orc:2)
  7 fire bats (Volcano)
  3 steam dragons
  6 basilisks
  2 swamp worms (Swamp:1)
  Duvessa (D:7)
  3 hell hounds
  9 water moccasins
  2 ice beasts
  A swamp drake (Swamp:1)
  11 ogres
  10 orc warriors
  3 centaurs
  10 wolves
  8 bullfrogs
  A kobold brigand (D:7)
  2 gnoll sergeants
  2 scorpions
  11 wights
  Dowan (D:7)
  A killer bee (D:8)
  An electric eel (Lair:1)
  3 howler monkeys
  6 lava snakes (Volcano)
  4 hounds
  13 orc priests
  Crazy Yiuf (D:3)
  A jelly (D:7)
  19 orc wizards
  Ijyb (D:3)
  3 gnoll boudas
  An iguana (D:5)
  6 hell rats (Lair:1)
  4 polar bear simulacra (D:9)
  3 wolf simulacra (D:9)
  2 yak simulacra (D:9)
  Robin (D:2)
  24 gnolls
  3 adders
  A shadow imp (D:8)
  A white imp (D:6)
  A worm (D:3)
  3 dart slugs
  64 orcs
  10 bats
  8 endoplasms
  5 giant cockroaches
  15 goblins
  10 hobgoblins
  4 jackals (D:4)
  3 quokkas
  10 ball pythons
  4 frilled lizards
  12 kobolds
  7 rats
  2 river rat simulacra (D:9)
527 creatures vanquished.

Vanquished Creatures (others)
  2 bloated husks
  8 foxfires (Swamp:1)
10 creatures vanquished.

Grand Total: 537 creatures vanquished

Notes
Turn   | Place    | Note
-------+----------+-------------------------------------------
     0 | D:1      | monsoonserge the Octopode Transmuter began the quest for
                  | the Orb.
     0 | D:1      | Reached XP level 1. HP: 13/13 MP: 3/3
   139 | D:1      | Reached XP level 2. HP: 12/18 MP: 5/5
   486 | D:1      | Reached XP level 3. HP: 23/23 MP: 4/6
   490 | D:1      | Learned a level 3 spell: Spider Form
   961 | D:2      | Found a faded altar of an unknown god.
  1028 | D:2      | Reached skill level 4 in Unarmed Combat
  1128 | D:2      | Noticed Robin
  1134 | D:2      | Killed Robin
  1135 | D:2      | Reached XP level 4. HP: 15/28 MP: 7/7
  1279 | D:2      | Learned a level 3 spell: Frozen Ramparts
  1360 | D:2      | Reached skill level 1 in Stealth
  2408 | D:3      | Noticed Grinder
  2430 | D:3      | Paralysed by Grinder for 4 turns
  2442 | D:3      | Killed Grinder
  2443 | D:3      | Reached skill level 5 in Unarmed Combat
  2443 | D:3      | Reached skill level 1 in Ice Magic
  2443 | D:3      | Reached skill level 1 in Poison Magic
  2443 | D:3      | Reached XP level 5. HP: 16/33 MP: 6/8
  2443 | D:3      | Reached XP level 6. HP: 18/38 MP: 6/9
  2540 | D:3      | Noticed Ijyb
  2559 | D:3      | Killed Ijyb
  2671 | D:3      | Found a runed translucent door.
  2672 | D:3      | Noticed Crazy Yiuf
  3187 | D:3      | Killed Crazy Yiuf
  3347 | D:4      | Reached skill level 6 in Unarmed Combat
  3351 | D:4      | Reached XP level 7. HP: 43/43 MP: 4/10
  3414 | D:4      | Found a staircase to the Ecumenical Temple.
  3423 | Temple   | Entered the Ecumenical Temple
  3545 | Temple   | Became a worshipper of Gozag Ym Sagoz the Greedy
  3712 | D:4      | Found a shadowy altar of Dithmenos.
  4207 | D:5      | Entered Level 5 of the Dungeon
  4589 | D:5      | Reached skill level 7 in Unarmed Combat
  4594 | D:5      | Reached XP level 8. HP: 48/48 MP: 4/11
  4602 | D:5      | Learned a level 4 spell: Ice Form
  4717 | D:5      | Found a glowing silver altar of Zin.
  5136 | D:5      | Found a large runed translucent door.
  5139 | D:5      | Found a large runed translucent door.
  5140 | D:5      | Noticed rifles's ghost (novice GrFi)
  5233 | D:6      | Found Hett's Self-Improvement Boutique.
  5980 | D:6      | Reached skill level 8 in Unarmed Combat
  6832 | D:7      | Reached skill level 5 in Transmutations
  7073 | D:7      | Reached skill level 1 in Shields
  7193 | D:7      | Reached XP level 9. HP: 54/54 MP: 10/13
  7615 | D:7      | Noticed Joseph
  7638 | D:7      | Killed Joseph
  7836 | D:7      | Noticed Duvessa
  7836 | D:7      | Noticed Dowan
  7850 | D:7      | Killed Duvessa
  7851 | D:7      | Reached skill level 9 in Unarmed Combat
  7854 | D:7      | Killed Dowan
  8021 | D:7      | Found a bloodstained altar of Trog.
  8451 | D:8      | Noticed a hornet
  8471 | D:8      | Killed a hornet
  8570 | D:8      | Found a sacrificial altar of Ru.
  8630 | D:8      | Learned a level 5 spell: Blade Hands
  8686 | D:9      | Reached XP level 10. HP: 38/61 MP: 11/16
  8778 | D:9      | Reached skill level 5 in Dodging
  8946 | D:8      | Reached skill level 5 in Ice Magic
  9193 | D:8      | Noticed a death yak
  9194 | D:8      | Found a staircase to the Lair.
  9197 | D:8      | Noticed a death yak
  9200 | D:8      | Noticed a death yak
  9207 | D:8      | Killed a death yak
  9232 | D:7      | Killed a death yak
  9233 | D:7      | Reached skill level 5 in Spellcasting
  9600 | D:7      | Killed a death yak
  9674 | D:8      | Reached XP level 11. HP: 47/68 MP: 11/18
  9902 | D:6      | Bought a manual of Unarmed Combat for 1200 gold pieces
  9902 | D:6      | Upgraded the game from 0.30.0-30-g96aa6591b8 to 0.30.1
 10015 | D:5      | Killed rifles's ghost
 10257 | D:7      | Learned a level 2 spell: Wereblood
 10551 | D:8      | Noticed Maggie
 10563 | D:8      | Killed Maggie
 10564 | D:8      | Reached skill level 10 in Unarmed Combat
 10775 | D:8      | Found a shimmering blue altar of Sif Muna.
 10805 | D:8      | Found a stormy altar of Qazlal.
 11245 | D:9      | Noticed a necromancer
 11255 | D:9      | Killed a necromancer
 11553 | D:9      | Found a burning altar of Makhleb.
 11787 | D:9      | Reached skill level 11 in Unarmed Combat
 11990 | D:10     | Entered Level 10 of the Dungeon
 11990 | D:10     | Found a staircase to the Orcish Mines.
 11991 | D:10     | Noticed an orc knight
 11993 | D:10     | Noticed an orc knight
 12268 | Lair:1   | Entered Level 1 of the Lair of Beasts
 12422 | Lair:1   | Reached skill level 1 in Evocations
 12602 | Lair:1   | Reached skill level 12 in Unarmed Combat
 12908 | Lair:1   | Reached XP level 12. HP: 75/75 MP: 20/20
 13057 | Lair:1   | Reached skill level 13 in Unarmed Combat
 13177 | Lair:1   | Reached skill level 5 in Shields
 13394 | Lair:1   | Noticed a catoblepas
 13409 | Lair:1   | Killed a catoblepas
 13988 | Lair:2   | Found a hole to the Spider Nest.
 14220 | Lair:2   | Reached skill level 14 in Unarmed Combat
 14254 | Lair:2   | Found a staircase to the Swamp.
 14461 | Lair:2   | Identified the +9 spear of Riding Painful Death {antimagic,
                  | rC+ Will+ Dex-3}
 15102 | Lair:3   | Reached skill level 15 in Unarmed Combat
 15124 | Lair:3   | Learned a level 5 spell: Alistair's Intoxication
 15274 | Lair:3   | Identified the +2 leather armour of Cheibriados's Fury
                  | {rElec rF+ rC+++ Int+4}
 15872 | Lair:4   | Noticed a skyshark
 15874 | Lair:4   | Killed a skyshark
 16142 | Lair:4   | Noticed a four-headed hydra
 16147 | Lair:4   | Reached XP level 13. HP: 81/81 MP: 22/22
 16461 | Lair:4   | Reached skill level 16 in Unarmed Combat
 16945 | D:6      | Bought a manual of Unarmed Combat for 1200 gold pieces
 17440 | Lair:5   | Entered Level 5 of the Lair of Beasts
 17489 | Lair:5   | Reached skill level 5 in Stealth
 17929 | Lair:4   | Reached skill level 17 in Unarmed Combat
 17929 | Lair:4   | Reached skill level 5 in Poison Magic
 18550 | Swamp:1  | Entered Level 1 of the Swamp
 18702 | Swamp:1  | Reached skill level 5 in Evocations
 18849 | Lair:2   | Identified a scroll of acquirement
 18854 | Lair:2   | Acquired the ring "Lotestro" {rPois rF- rC+ Str+6 Int+4}
 18985 | Swamp:1  | Noticed an eleionoma
 18989 | Swamp:1  | Killed an eleionoma
 18990 | Swamp:1  | Reached XP level 14. HP: 86/86 MP: 24/24
 19052 | Swamp:1  | Noticed a tentacled monstrosity
 19056 | Swamp:1  | Found a runed translucent gate.
 19056 | Swamp:1  | Found a runed translucent gate.
 19056 | Swamp:1  | Found a runed translucent gate.
 19057 | Swamp:1  | Noticed a tentacled monstrosity
 19063 | Swamp:1  | Noticed ChrisAssaf's ghost (journeyman DsNe)
 19085 | Swamp:1  | Got Sif Muna's Almanac of Mortification and the Fair Folk
 19232 | Swamp:1  | Noticed an eleionoma
 19417 | Swamp:1  | Identified the +5 battleaxe "Itieku" {drain, rPois Int+5
                  | Dex-3}
 19502 | Swamp:1  | Killed an eleionoma
 19521 | Swamp:1  | HP: 4/86 [will-o-the-wisp/foxfire (9)]
 19792 | Swamp:1  | Reached skill level 18 in Unarmed Combat
 19810 | Swamp:1  | Learned a level 4 spell: Olgreb's Toxic Radiance
 20088 | Swamp:2  | Reached skill level 10 in Transmutations
 20091 | Swamp:2  | Noticed a fenstrider witch
 20091 | Swamp:2  | Paralysed by a fenstrider witch for 3 turns
 20857 | Lair:5   | Found a runed translucent door.
 20857 | Lair:5   | Found a viscous altar of Jiyva.
 20857 | Lair:5   | Found a staircase to the Slime Pits.
 21698 | D:8      | Bought a glowing buckler for 150 gold pieces
 21986 | D:10     | Reached skill level 19 in Unarmed Combat
 22028 | D:10     | Found Ucliosoce's Overcharged Wands.
 22519 | Orc:1    | Entered Level 1 of the Orcish Mines
 22621 | Orc:1    | You fall into a shaft and drop 1 floor!
 22621 | Orc:2    | Entered Level 2 of the Orcish Mines
 22643 | Orc:2    | Found a dark tunnel.
 22691 | Volcano  | Entered a volcano
 22890 | Volcano  | Found a burning altar of Makhleb.
 23498 | Orc:2    | Noticed Azrael
 23514 | Orc:2    | Killed Azrael
 23517 | Orc:2    | Found Jogigeach's Weapon Emporium.
 23517 | Orc:2    | Found Hewakin's Magic Scroll Emporium.
 23522 | Orc:2    | Reached XP level 15. HP: 67/91 MP: 7/27
 23525 | Orc:2    | Reached skill level 5 in Fighting
 23611 | Orc:2    | Reached skill level 20 in Unarmed Combat
 23628 | Orc:2    | Killed from afar by an ogre mage

Illustrated notes

Levels and vault maps discovered:
D:1:      dpeg_arrival_lava_temple_mockup, layout_loops_ring
D:2:      layout_loops_ring, shapermc_ecumenical_altar_flowoftime,
          hangedman_glass_garden, minmay_diced_spiral, uniq_robin
D:3:      layout_basic, minmay_circle_x, uniq_ijyb, uniq_grinder,
          uniq_crazy_yiuf_cottage
D:4:      layout_basic, grunt_dithmenos_smoke, minmay_temple_entry_wispy
D:5:      minmay_spotlight, layout_loops_ring, zin_academy,
          ebering_ghost_disaster_area, grunt_ministairs_11,
          serial_bayou_crossing
D:6:      layout_gridville, nicolae_shop_self_help
D:7:      layout_basic, mainiacjoe_overflow_surrounded_room,
          minmay_misc_feat_tiny, minmay_a_box_with_orc_wizards_in_it,
          uniq_joseph, uniq_duvessa
D:8:      layout_basic, mainiacjoe_overflow_swirl,
          nicolae_ru_great_annihilating_truth, dpeg_lair_monsters, minmay_puff,
          uniq_maggie
D:9:      layout_roguey, mainiacjoe_overflow_six_doors_small,
          eino_house_with_fridge
D:10:     layout_cave_pools, david_orc_5, corexii_hall_statues_u,
          nicolae_shop_overcharged_wands
Temple:   regret_index_temple_waves
Lair:1:   layout_hall_layers, infiniplex_staircase_pool
Lair:2:   layout_chaotic_city, skrybe_swamp_entry_bodies, dummy_spider_entry,
          lemuel_fruit_tree, serial_bayou_shore_a
Lair:3:   layout_loops_ring
Lair:4:   layout_loops_ring, chequers_serial_rivers_large_a, minivault_27
Lair:5:   minmay_lair_end_enchanted_forest, layout_regular_city, slime_entry_2,
          grunt_megastairs_1
Swamp:1:  layout_falls_marsh, gammafunk_ghost_split, evilmike_swamp_ruin_wall,
          infiniplex_staircase_pool_2
Swamp:2:  layout_basic_swamp, evilmike_swamp_ruin_house_2, swamp_pool3,
          nicolae_swamp_triple_paths, uniq_frances
Orc:1:    layout_caves, minmay_orc_treasury, uniq_snorg
Orc:2:    st_orc_open, layout_caves, nicolae_volcano_entry_hallway, uniq_azrael

Skill      XL: |  1  2  3  4  5  6  7  8  9 10 11 12 13 14 15 |
---------------+----------------------------------------------+-----
Unarmed Combat | 4 5 6 7 8 9 12 15 17 19 20 | 20.0
Stealth        | 1 2 3 5 |  5.9
Transmutations | 3 4 5 6 8 9 10 | 10.6
Ice Magic      | 1 2 3 4 5 |  5.0
Poison Magic   | 1 2 3 5 7 |  7.5
Dodging        | 3 4 6 7 8 9 |  9.1
Shields        | 1 2 4 6 7 8 |  8.8
Spellcasting   | 4 5 6 8 |  8.0
Fighting       | 2 3 4 5 |  5.0
Evocations     | 2 3 5 |  5.4

Action                     |  1- 3 |  4- 6 |  7- 9 | 10-12 | 13-15 || total
---------------------------+-------+-------+-------+-------+-------++-------
  Melee: Unarmed           |    77 |    92 |   234 |   435 |   423 ||  1261
         Constrict         |    21 |    16 |    30 |    24 |    23 ||   114
         Kick              |    24 |    10 |    42 |     2 |       ||    78
         Tentacles         |    10 |    14 |    31 |    35 |    34 ||   124
         Punch             |     4 |     3 |     9 |    16 |    24 ||    56
  Throw: Dart              |       |       |       |       |     1 ||     1
   Cast: Beastly Appendage |    20 |     9 |    20 |     1 |       ||    50
         Spider Form       |       |     4 |     9 |     9 |       ||    22
         Frozen Ramparts   |       |     3 |    16 |    16 |    19 ||    54
         Ice Form          |       |       |     3 |    24 |    33 ||    60
         Blade Hands       |       |       |       |     8 |    15 ||    23
         Wereblood         |       |       |       |     1 |     4 ||     5
         Olgreb's Toxic Ra |       |       |       |       |    23 ||    23
         Alistair's Intoxi |       |       |       |       |     7 ||     7
 Invoke: Call Merchant     |       |       |       |       |     1 ||     1
Ability: End Transformatio |       |       |     1 |     1 |     1 ||     3
  Evoke: Wand              |       |       |     1 |     1 |    15 ||    17
         Box of beasts     |       |       |       |       |     1 ||     1
    Use: Potion            |       |       |     2 |     1 |     2 ||     5
         Scroll            |       |       |       |     1 |    24 ||    25
   Stab: Sleeping          |     7 |     4 |    10 |     3 |     2 ||    26
         Distracted        |       |       |     2 |     3 |     1 ||     6
         Invisible         |       |       |     1 |       |     1 ||     2
         Confused          |       |       |       |       |     3 ||     3
         Petrifying        |       |       |       |       |     1 ||     1
 Armour: Skin              |    10 |    16 |    35 |    90 |    72 ||   223
  Dodge: Dodged            |    32 |    60 |   150 |   259 |   168 ||   669
  Block: Other             |       |     3 |    38 |    88 |    53 ||   182
         Reflection        |       |       |     5 |     1 |     2 ||     8
         Kite shield       |       |       |       |    65 |    19 ||    84
         Buckler           |       |       |       |       |    28 ||    28
